 Dungeon Crawl Stone Soup version 0.27.0-1-g7a089689b8 (webtiles) character file.

Game seed: 10758040325044530793

11 freelancePsychic the Grasshopper (level 2, 0/23 HPs)
             Began as a Formicid Warper on Aug 3, 2021.
             Slain by an adder (3 damage)
             ... on level 2 of the Dungeon.
             The game lasted 00:00:55 (1618 turns).

freelancePsychic the Grasshopper (Formicid Warper)  Turns: 1618, Time: 00:00:55

Health: 0/23       AC:  3    Str: 15    XL:     2   Next: 40%
Magic:  5/5        EV: 11    Int: 12    God:
Gold:   54         SH:  0    Dex: 10    Spells: 5/5 levels left

rFire    . . .     SeeInvis +   a - +0 mace
rCold    . . .     Faith    .   (no shield)
rNeg     . . .     Spirit   .   b - +0 leather armour
rPois    .         Reflect  .   (helmet unavailable)
rElec    .         Harm     .   (no cloak)
rCorr    .         Rampage  .   (no gloves)
Will     .....                  (no boots)
Stlth    +.........             (no amulet)
HPRegen  0.07/turn              (no ring)
MPRegen  0.09/turn              (no ring)

@: lethally poisoned (0 -> -6)
A: permanent stasis, dig shafts and tunnels, antennae 3, four strong arms
a: Dig, Shaft Self


You were on level 2 of the Dungeon.
You visited 1 branch of the dungeon, and saw 2 of its levels.

You collected 54 gold pieces.

Inventory:

Hand Weapons
 a - a +0 mace (weapon)
Missiles
 c - 5 boomerangs of dispersal (quivered)
Armour
 b - a +0 leather armour (worn)
Scrolls
 d - a scroll of identify {@r1}
 e - a scroll of noise


   Skills:
 + Level 2.5 Fighting
 * Level 2.5 Maces & Flails
 - Level 1.0 Throwing
 - Level 1.1 Armour
 - Level 1.7 Dodging
 - Level 2.2 Spellcasting
 - Level 2.7 Translocations


You had 5 spell levels left.
You didn't know any spells.
Your spell library contained the following spells:

 Spells                   Type           Power      Damage    Failure   Level
 Gell's Gravitas          Tloc           3%         N/A       32%         3
 Lesser Beckoning         Tloc           3%         N/A       32%         3
 Teleport Other           Tloc           7%         N/A       32%         3
 Inner Flame              Hex/Fire       1%         N/A       69%         3
 Manifold Assault         Tloc           7%         N/A       96%         5
 Cause Fear               Hex            0%         N/A       97%         4
 Discord                  Hex            0%         N/A       100%        8
 Blink                    Tloc           Unusable   N/A       N/A         2

Dungeon Overview and Level Annotations

Branches:
Dungeon (2/15)

Altars:


Innate Abilities, Weirdness & Mutations

You cannot be hasted, slowed, berserked, paralysed or teleported.
You can dig through walls and to a lower floor.
You have a pair of large antennae on your head. (SInv)
Your four strong arms can wield two-handed weapons with a shield.


Message History

The adder is severely wounded.
You feel sick. The adder barely misses you.
The endoplasm hits you but does no damage.
You hit the adder but do no damage.
The adder is severely wounded.
You feel sick. The adder barely misses you. The endoplasm closely misses you.
The adder completely misses you. The hobgoblin hits you.
The endoplasm hits you but does no damage.
You barely miss the adder.
The adder is severely wounded.
You feel sick. The adder bites you. The hobgoblin hits you.
The endoplasm closely misses you. The adder barely misses you.
You are too injured to fight recklessly!
You are too injured to fight recklessly!
You are too injured to fight recklessly!
You are too injured to fight recklessly!
You are too injured to fight recklessly!
You are too injured to fight recklessly!
You are too injured to fight recklessly!
You are too injured to fight recklessly!
You are too injured to fight recklessly!
You feel sick.
You are no longer poisoned.
The adder barely misses you.
As you read the scroll labelled FIBROIZXATA, it crumbles to dust.
It is a scroll of identify.
e - a scroll of noise The adder closely misses you.
You miss the adder. The adder closely misses you. The adder barely misses you.
You closely miss the adder. The adder bites you.
You are poisoned.
The adder poisons you!
You miss the adder.
You feel sick. The adder bites you.
* * * LOW HITPOINT WARNING * * *
You are lethally poisoned!
The adder poisons you! The adder closely misses you.
You barely miss the adder.
* * * LOW HITPOINT WARNING * * *
You feel sick. The adder bites you.
You die...

#.#########..###.........#...###
#.<............................#
##.#########.###.###.#####...####
#.# #.# #.# #............. #+#
#.# #.# #.############
###.###.###.############
........................
###.##.################
#####..#@# ......{#S# .......Jg#
.......S.# ........># ....###...
#.. ###.. '. ... # ....


You could see 2 adders, an endoplasm and a hobgoblin.

Vanquished Creatures
  A ball python (D:2)
  An endoplasm (D:1)
  2 goblins (D:1)
  A hobgoblin (D:1)
  A quokka (D:1)
  A bat (D:2)
  A kobold (D:1)
  3 rats (D:2)
11 creatures vanquished.

Notes
Turn   | Place    | Note
-------+----------+-------------------------------------------
     0 | D:1      | freelancePsychic the Formicid Warper began the quest for
                  | the Orb.
     0 | D:1      | Reached XP level 1. HP: 16/16 MP: 3/3
   722 | D:1      | Reached XP level 2. HP: 20/23 MP: 5/5
  1618 | D:2      | Slain by an adder

Illustrated notes

Levels and vault maps discovered:
D:1:      erik_arrival_cave_to_civilisation [erik_arrival_cave_to_hall],
          layout_basic
D:2:      layout_basic, uniq_robin

Action                   || total
-------------------------++-------
Melee: Mace              ||    44
  Use: Scroll            ||     1
Armor: Leather armour    ||    10
Dodge: Dodged            ||    34
